[Event "*** Titled Tuesday Blitz"]
[Site "Chess.com"]
[Date "2018.11.06"]
[Round "5"]
[White "sandager"]
[Black "Perecke"]
[Result "1-0"]
[WhiteElo "2129"]
[BlackElo "1981"]
[TimeControl "180+2"]
[EndTime "14:05:40 PST"]
[Termination "sandager won by resignation"]

1. e4 e5 2. Nf3 Nc6 3. Bb5 a6 4. Ba4 Nf6 5. O-O Be7 6. Re1 b5 7. Bb3 d6 8. c3 O-O 9. h3 Na5 10. Bc2 c5 11. d4 Qc7 12. Nbd2 cxd4 13. cxd4 Nc6 14. Nb3 a5 15. a4 Nb4 16. Bb1 bxa4 17.
Rxa4 Bd7 18. Ra1 a4 19. Nbd2 Nc6 20. Nf1 Qb6 21. d5 Na5 22. Re2 Nb3 23. Be3 Qb7 24.
Ra3 Bb5 25. Bd3 Rfc8 26. Ng3 g6 27. Kh2 Nd7 28. Bxb5 Qxb5 29. Rc2 Ndc5 30. Nd2 Nxd2 31.
Qxd2 Nb3 32. Rxc8+ Rxc8 33. Qe2 Qb4 34. Qa6 Nc5 35.
Qxc8+ 1-0

[Event "*** Titled Tuesday Blitz"]
[Site "Chess.com"]
[Date "2018.11.06"]
[Round "5"]
[White "Federtiu"]
[Black "sergiochess83"]
[Result "0-1"]
[WhiteElo "2619"]
[BlackElo "2775"]
[TimeControl "180+2"]
[EndTime "14:05:44 PST"]
[Termination "sergiochess83 won by resignation"]

1. c4 e5 2. Nc3 Nf6 3. e3 Bb4 4. Nge2 O-O 5. a3 Bxc3 6. Nxc3 d5 7. cxd5 Nxd5 8. Be2 Nc6 9. O-O Be6 10. Qc2 a5 11. d3 Qd7 12. Ne4 b6 13. Ng5 a4 14.
Bd2 h6 15. Nxe6 Qxe6 16. Rac1 Nce7 17. Bf3 c5 18. d4 cxd4 19. exd4 exd4 20. Rfe1 Qf6 21.
Qc4 Rfc8 22. Qb5 Rxc1 23. Rxc1 Rd8 24. Qxa4 Nf4 25. Qb5 Nh3+ 26. Kf1 Ng5 27. Bxg5 hxg5 28. Rd1 Nf5 29. b4 g4 30. Bxg4 Ne3+ 31. Kg1 Nxg4 32.
Qe2 Ne5 33. Qxe5 0-1

[Event "*** Titled Tuesday Blitz"]
[Site "Chess.com"]
[Date "2018.11.06"]
[Round "5"]
[White "Lovkov_Roman"]
[Black "Superfelix"]
[Result "1-0"]
[WhiteElo "2605"]
[BlackElo "2415"]
[TimeControl "180+2"]
[EndTime "14:05:49 PST"]
[Termination "Lovkov_Roman won by resignation"]

1. e4 c5 2. Nf3 d6 3. d4 cxd4 4. Nxd4 Nf6 5. Nc3 a6 6. f4 e5 7. Nf3 Qc7 8. Bd3 Nbd7 9. a4 b6 10. O-O Bb7 11. Kh1 Be7 12. Qe1 exf4 13. Bxf4 Ne5 14. Nd4 g6 15. Bg5 Nh5 16. Qh4 Bxg5 17. Qxg5 Qe7 18. Qxe7+ Kxe7 19. Rf2 Ng4 20. Rd2 Nf4 21. Rf1 Ne6 22. Nf3 Ne5 23. Nxe5 dxe5 24. Bc4 Rhd8 25. Bd5 Ra7 26. Rdf2 Rf8 27. Bxe6 Kxe6 28.
Rf6+ Ke7 29. Rxb6 Rd8 30. Rbf6 Rf8 31. a5 h5 32. h4 Raa8 33. Rb6 Ra7 34. Rd1 Rd8 35.
Rxd8 Kxd8 36. Kg1 Ke7 37. Kf2 Bc8 38. Nd5+ Kd8 39. Rb8 Kd7 40. Nb6+ 1-0

[Event "*** Titled Tuesday Blitz"]
[Site "Chess.com"]
[Date "2018.11.06"]
[Round "5"]
[White "Jbd735"]
[Black "LastGladiator1"]
[Result "1-0"]
[WhiteElo "2487"]
[BlackElo "2617"]
[TimeControl "180+2"]
[EndTime "14:05:50 PST"]
[Termination "Jbd735 won by checkmate"]

1. e4 e6 2. d4 d5 3. Nc3 Nf6 4. Bg5 Be7 5. e5 Nfd7 6. h4 h6 7. Bxe7 Qxe7 8. f4 O-O 9. Nf3 c5 10. Qd2 Nc6 11. dxc5 Qxc5 12. O-O-O a6 13. h5 b5 14. g4 f6 15. exf6 Nxf6 16. Bd3 Nxg4 17. Rdg1 Nf2 18. Rh2 Nxd3+ 19. Qxd3 Ne5 20. Rxg7+ Kxg7 21.
Rg2+ Kf6 22. Qh7 Qe3+ 23. Kb1 Qxf4 24. Qg7+ Kf5 25. Qxf8+ Nf7 26. Qxf7# 1-0

[Event "*** Titled Tuesday Blitz"]
[Site "Chess.com"]
[Date "2018.11.06"]
[Round "5"]
[White "Msb2"]
[Black "Ar4uha"]
[Result "1-0"]
[WhiteElo "2876"]
[BlackElo "2607"]
[TimeControl "180+2"]
[EndTime "14:05:58 PST"]
[Termination "Msb2 won by resignation"]

1. d4 Nf6 2. c4 e6 3. g3 d5 4.
Bg2 Be7 5. Nf3 O-O 6. O-O dxc4 7.
Ne5 Nc6 8. Nxc6 bxc6 9. Na3 Bxa3 10. bxa3 Ba6 11. a4 Rb8 12. Ba3 Re8 13. Bc5 c3 14.
Rc1 Rb2 15. Re1 Nd7 16. Bxc6 Nxc5 17. dxc5 Qxd1 18. Rexd1 Rc8 19. Rxc3 Rxa2 20. Rb3 g6 21. Rd7 Bxe2 22. Bb7 Rb8 23. c6 Bc4 24. Rc3 Ra1+ 25. Kg2 Bd5+ 26. Kh3 Rxa4 27. Rxc7 Rb4 28. Rd7 Kg7 29.
Ba6 Bxc6 30. Rxc6 R8b6 31. Rcc7 Rxa6 32. Rxf7+ Kg8 33. Rg7+ Kh8 34. Rxh7+ Kg8 35. Rhg7+ Kf8 36. Rxg6 Rb2 37. Rf6+ Ke8 38. Rh6 Rxf2 39. Rh8+ 1-0

[Event "*** Titled Tuesday Blitz"]
[Site "Chess.com"]
[Date "2018.11.06"]
[Round "5"]
[White "gmcorrales"]
[Black "nubair1198"]
[Result "0-1"]
[WhiteElo "2720"]
[BlackElo "2561"]
[TimeControl "180+2"]
[EndTime "14:06:00 PST"]
[Termination "nubair1198 won by checkmate"]

1. e4 c6 2. d4 d5 3. e5 c5 4.
dxc5 e6 5. a3 Nc6 6. Nf3 Bxc5 7.
b4 Bb6 8. Bd3 f6 9. Bb2 fxe5 10.
Nxe5 Qg5 11. Qg4 Qxg4 12. Nxg4 Nf6 13. Nxf6+ gxf6 14. Bxf6 Bxf2+ 15. Kxf2 O-O 16. Nd2 Rxf6+ 17. Kg3 e5 18. Rhf1 Rd6 19. Rad1 e4 20. Be2 Nd4 21. Bh5 Rd7 22. Kh4 Nxc2 23. Rf6 Ne3 24. Rg1 Kg7 25. Rf4 Rc7 26. Nb3 Nf5+ 27. Rxf5 Bxf5 28. Nd4 Bd7 29. g4 Rc4 30. Rd1 Rf8 31. Ne2 Rf2 32. Rxd5 Be6 33.
Rd6 Kf6 34. g5+ Ke5 35. Rd8 Rc2 36. Nd4 Rxh2+ 37. Kg3 Rcg2# 0-1

[Event "*** Titled Tuesday Blitz"]
[Site "Chess.com"]
[Date "2018.11.06"]
[Round "5"]
[White "Korchmar_Vasiliy"]
[Black "ahmadzada13"]
[Result "1-0"]
[WhiteElo "2702"]
[BlackElo "2635"]
[TimeControl "180+2"]
[EndTime "14:06:04 PST"]
[Termination "Korchmar_Vasiliy won by resignation"]

1. d4 Nf6 2. c4 e6 3. Nc3 c5 4. d5 exd5 5. cxd5 d6 6. g3 g6 7. Bg2 Bg7 8. Nf3 O-O 9. O-O Re8 10.
Bf4 a6 11. a4 h6 12. Qc1 g5 13. Bd2 Bf5 14. h4 g4 15. Ne1 h5 16. Nc2 Ne4 17. Nxe4 Bxe4 18. Bxe4 Rxe4 19. Ne3 Nd7 20. Bc3 Bxc3 21.
bxc3 Qf6 22. Qb1 Rae8 23. Qxb7 Ne5 24. Qxa6 Ng6 25. Qd3 Qe5 26. a5 f5 27. a6 f4 28.
Ng2 c4 29. Qb1 f3 30. exf3 gxf3 31. Re1 Rxe1+ 32. Nxe1 Nxh4 33. a7 Qxd5 34. Qb8 1-0

[Event "*** Titled Tuesday Blitz"]
[Site "Chess.com"]
[Date "2018.11.06"]
[Round "5"]
[White "hypert"]
[Black "RichardLeyvaP"]
[Result "1-0"]
[WhiteElo "2379"]
[BlackElo "2464"]
[TimeControl "180+2"]
[EndTime "14:06:07 PST"]
[Termination "hypert won by resignation"]

1. e4 e5 2. Nf3 Nc6 3. Bb5 a6 4.
Ba4 Nf6 5. O-O Be7 6. d3 b5 7. Bb3 O-O 8. a4 b4 9. a5 d6 10. Nbd2 Be6 11. Bc4 Qc8 12. Re1 h6 13. c3 Rb8 14.
Qa4 Bd7 15. Qa2 Nh5 16. d4 Bf6 17. dxe5 dxe5 18. Nf1 Bg4 19. N3d2 Nf4 20. Ne3 Be6 21. Nd5 Bg5 22. Nf3 bxc3 23. bxc3 Rd8 24. Nxg5 hxg5 25. Be3 Bxd5 26. exd5 Ne7 27. Bxf4 gxf4 28. Rxe5 Ng6 29. Ree1 f3 30. g3 Qh3 31. Bf1 Qf5 32. Bxa6 Rxd5 33. Bc4 Rbd8 34. Bxd5 Rxd5 35. Qc4 Qh3 36. Qf1 Qh5 37.
a6 Ne5 38. Rxe5 Rxe5 39. a7 1-0

[Event "*** Titled Tuesday Blitz"]
[Site "Chess.com"]
[Date "2018.11.06"]
[Round "5"]
[White "jcibarra"]
[Black "Keaton87"]
[Result "1-0"]
[WhiteElo "2624"]
[BlackElo "2465"]
[TimeControl "180+2"]
[EndTime "14:06:13 PST"]
[Termination "jcibarra won by resignation"]

1. Nf3 Nf6 2. g3 d5 3. Bg2 Bf5 4. O-O e6 5. c4 c6 6. cxd5 exd5 7. d3 Be7 8. Qb3 Qb6 9. Qc2 Nbd7 10. Nc3 O-O 11. e4 Bg6 12. Be3 Qd8 13. exd5 Nxd5 14. Nxd5 cxd5 15. Qb3 Nc5 16. Bxc5 Bxc5 17. Ne5 Qb6 18. Nd7 Qxb3 19. axb3 Rfc8 20. Bxd5 Bd4 21.
Bxb7 Bf5 22. Bxa8 Rxa8 23. Ra4 Bxb2 24. Nb6 Rb8 25. Rxa7 Bxd3 26. Rd1 Be4 27. Rc7 Bf5 28. Rc8+ Rxc8 29. Nxc8 Bf6 30. Nb6 h5 31. Nd5 Bg5 32.
h4 Bg4 33. Re1 Bd2 34. Re8+ Kh7 35. Ne3 Be6 36. Rb8 Kg6 37. b4 Bc3 38. b5 Be5 39. Rd8 Bc7 40. Rd1 f5 41. Nd5 1-0

[Event "*** Titled Tuesday Blitz"]
[Site "Chess.com"]
[Date "2018.11.06"]
[Round "5"]
[White "GadimbayliA"]
[Black "Adham_Fawzy"]
[Result "1-0"]
[WhiteElo "2652"]
[BlackElo "2644"]
[TimeControl "180+2"]
[EndTime "14:06:21 PST"]
[Termination "GadimbayliA won by resignation"]

1. e4 c5 2. Nf3 Nc6 3. Bb5 g6 4. Bxc6 dxc6 5. d3 Bg7 6. h3 Nf6 7. O-O Nd7 8. Nc3 e5 9. Be3 h6 10. Qd2 b6 11. a3 a5 12. b4 axb4 13. axb4 Rxa1 14. Rxa1 cxb4 15. Na4 c5 16. c3 bxc3 17. Qxc3 O-O 18. Rb1 Ba6 19. Qb3 Qc7 20. Nc3 c4 21. Qa2 cxd3 22. Qxa6 Qxc3 23. Rc1 Qb3 24. Nd2 Qb2 25. Rc7 Nc5 26. Bxc5 Qxd2 27. Bxf8 Qe1+ 28.
Kh2 d2 29. Bb4 d1=Q 30. Bxe1 Qxe1 31. Qa8+ Bf8 32. Rc8 Qb4 33. Qd5 Qe7 34. Rb8 Qf6 35.
Kg1 Qf4 36. g3 Qf6 37. Re8 1-0

[Event "*** Titled Tuesday Blitz"]
[Site "Chess.com"]
[Date "2018.11.06"]
[Round "5"]
[White "Vuk2000"]
[Black "pastouche06"]
[Result "1-0"]
[WhiteElo "2686"]
[BlackElo "2441"]
[TimeControl "180+2"]
[EndTime "14:06:22 PST"]
[Termination "Vuk2000 won by resignation"]

1. d4 Nf6 2. Bg5 Ne4 3. Bf4 d5 4. e3 c5 5. Bd3 cxd4 6. exd4 Nc6 7. c3 Bf5 8. Qe2 Bg6 9. Nf3 e6 10. Ne5 Bd6 11. Nxg6 hxg6 12. Bxd6 Nxd6 13. Nd2 Nf5 14. Nf3 Nh4 15. g3 Nxf3+ 16. Qxf3 Qf6 17. Qe3 g5 18. O-O-O O-O-O 19. Rdf1 Kb8 20. f4 gxf4 21. Rxf4 Qg5 22. Kb1 Rhe8 23. Bb5 Re7 24. Bxc6 bxc6 25. h4 Qg6+ 26.
Ka1 f6 27. g4 e5 28. dxe5 fxe5 29. Rb4+ Ka8 30. h5 Qd6 31. Re1 c5 32. Ra4 e4 33. Rd1 Qc6 34. Ra5 d4 35. Qg5 Rc7 36. Qxd8+ 1-0

[Event "*** Titled Tuesday Blitz"]
[Site "Chess.com"]
[Date "2018.11.06"]
[Round "5"]
[White "Me_ch_an"]
[Black "juniortay"]
[Result "1-0"]
[WhiteElo "2226"]
[BlackElo "2358"]
[TimeControl "180+2"]
[EndTime "14:06:24 PST"]
[Termination "Me_ch_an won by resignation"]

1. e4 e5 2. Nf3 Nf6 3. Nxe5 Nc6 4. Nf3 Nxe4 5. Nc3 d5 6. Bb5 Bc5 7. d4 Bb4 8. Bd2 Nxd2 9. Qxd2 O-O 10. O-O-O Qd6 11. a3 Ba5 12. Qd3 a6 13. Bxc6 bxc6 14. h4 g6 15. h5 Bf5 16. Qd2 Rab8 17. hxg6 Bxg6 18. Ne5 c5 19. f4 Rxb2 20. Kxb2 Qb6+ 21. Ka2 cxd4 22. Qxd4 Qxd4 23. Rxd4 Bxc3 24. Rxd5 Rb8 25. Rb1 Re8 26. Nxg6 hxg6 27. Rc5 Bd2 28. g3 Re7 29. Rb7 Be1 30. Rcxc7 Re2 31. Rxf7 Rxc2+ 32. Kb1 Rc3 33. Rfe7 Kf8 34. Rxe1 1-0

[Event "*** Titled Tuesday Blitz"]
[Site "Chess.com"]
[Date "2018.11.06"]
[Round "5"]
[White "maximlavrov"]
[Black "moro182"]
[Result "1-0"]
[WhiteElo "2576"]
[BlackElo "2719"]
[TimeControl "180+2"]
[EndTime "14:06:26 PST"]
[Termination "maximlavrov won by resignation"]

1. Nf3 d5 2. g3 Nf6 3. Bg2 e6 4. O-O c5 5. c4 d4 6. e3 Nc6 7. exd4 cxd4 8. Re1 Bd6 9. d3 h6 10. Na3 O-O 11. Nc2 e5 12. b4 Nxb4 13. Nxb4 Bxb4 14.
Rxe5 Bd6 15. Re1 Bg4 16. Rb1 Rb8 17. h3 Bh5 18. Bb2 Bc5 19. g4 Bg6 20. Ne5 Bh7 21. Bc1 Re8 22. Bf4 Bd6 23. c5 Bxc5 24. Nc6 bxc6 25.
Rxe8+ Nxe8 26. Rxb8 Qd7 27. Qe2 Kf8 28. Be4 Qe7 29. Kf1 Bxe4 30. Qxe4 Qxe4 31. dxe4 Ke7 32. Ke2 g5 33. Bg3 Nf6 34. Kd3 Nd7 35. Rc8 Bb6 36. Rxc6 Nc5+ 37. Kxd4 Ne6+ 38. Kd3 Nc5+ 39. Kd4 Ne6+ 40. Kd5 Kd7 41. Rd6+ Ke7 42. f3 Be3 43. Ra6 Kd7 44. Ra3 Bc5 45. Rc3 Bd4 46. Rd3 Bb6 47. Kc4+ Ke7 48. a4 Ke8 49. Kb5 Bg1 50.
a5 a6+ 51. Kc4 Nc5 52. Rd1 Be3 53. Re1 Bd2 54. Kxc5 1-0

[Event "*** Titled Tuesday Blitz"]
[Site "Chess.com"]
[Date "2018.11.06"]
[Round "5"]
[White "mouseWLZ"]
[Black "tomozupan"]
[Result "1-0"]
[WhiteElo "2261"]
[BlackElo "2169"]
[TimeControl "180+2"]
[EndTime "14:06:29 PST"]
[Termination "mouseWLZ won by resignation"]

1. e4 e5 2. Nf3 Nc6 3. Bc4 Bc5 4. c3 Nf6 5. d3 d6 6. h3 O-O 7. O-O Bb6 8. a4 a5 9. Nbd2 Ne7 10. Re1 Ng6 11.
Nf1 h6 12. Ng3 c6 13. d4 Be6 14. Bxe6 fxe6 15. Qb3 Re8 16. dxe5 dxe5 17. Be3 Bxe3 18. Rxe3 Qc7 19. Rd1 Nf4 20. Kh2 Rad8 21. Rxd8 Rxd8 22. Ne2 Kh7 23. Nxf4 exf4 24. Re2 e5 25. Qe6 Re8 26.
Qf5+ Kg8 27. Rd2 Qc8 28. Qxc8 Rxc8 29. Nxe5 Re8 30. Ng6 Rxe4 31. f3 Rxa4 32. Rd8+ Kf7 33. Ne5+ Ke6 34. Nd3 Nd5 35. Nc5+ Ke7 36. Rxd5 cxd5 37.
Nxa4 b5 38. Nc5 b4 39. cxb4 axb4 40. Nd3 b3 41. Nxf4 Kd6 42. Nd3 d4 43. Kg1 Kd5 44. Kf2 Kc4 45. Ke2 1-0

[Event "*** Titled Tuesday Blitz"]
[Site "Chess.com"]
[Date "2018.11.06"]
[Round "5"]
[White "enriquetejedor"]
[Black "mc4chess"]
[Result "1-0"]
[WhiteElo "2482"]
[BlackElo "2470"]
[TimeControl "180+2"]
[EndTime "14:06:30 PST"]
[Termination "enriquetejedor won by resignation"]

1. e4 c5 2. Nc3 e6 3. Nf3 a6 4. d4 cxd4 5. Nxd4 Qc7 6. g3 Nf6 7.
Bg2 h5 8. h3 Nc6 9. O-O Nxd4 10.
Qxd4 Bc5 11. Qd3 d6 12. Be3 Bd7 13. Bxc5 dxc5 14. e5 Qxe5 15. Bxb7 Rd8 16. Rfe1 Qc7 17. Qxa6 O-O 18. Bg2 Rb8 19. b3 Rfd8 20. Rad1 Be8 21. a3 Rdc8 22. Qc4 Qa5 23. a4 Rb4 24. Qe2 c4 25.
Na2 Rb6 26. Nc1 Qb4 27. Qd2 Qa3 28. Qa5 Rbb8 29. Re3 cxb3 30. Rxb3 Qxa4 31. Qxa4 Bxa4 32. Rxb8 Rxb8 33. Nb3 Rc8 34. Nd4 g6 35. Ra1 e5 36.
Rxa4 exd4 37. Ra8 Rxa8 38. Bxa8 Kf8 39. Kf1 Ke7 40. Ke2 Kd6 41. Kd3 Ke5 42. f4+ Kd6 43. Kxd4 Nd7 44. Bd5 f6 45. Bf7 g5 46. Bxh5 Nc5 47.
fxg5 fxg5 48. Bg4 Na4 49. Ke4 Nc3+ 50. Kf5 Nb5 1-0

[Event "*** Titled Tuesday Blitz"]
[Site "Chess.com"]
[Date "2018.11.06"]
[Round "5"]
[White "MikaelyanArman"]
[Black "RaphaeI"]
[Result "0-1"]
[WhiteElo "2727"]
[BlackElo "2586"]
[TimeControl "180+2"]
[EndTime "14:06:33 PST"]
[Termination "RaphaeI won on time"]

1. e4 c5 2. Nf3 g6 3. c3 Bg7 4. d4 cxd4 5. cxd4 d5 6. e5 Nh6 7.
Nc3 O-O 8. h3 f6 9. Be2 Nc6 10.
exf6 Rxf6 11. O-O Nf5 12. Bb5 Rf8 13. Bxc6 bxc6 14. Re1 Qb6 15. Na4 Qb5 16. b3 c5 17.
Nxc5 Nxd4 18. Nxd4 Qxc5 19. Be3 Qd6 20. Rc1 Bd7 21.
Nf3 Rfc8 22. Rxc8+ Rxc8 23. Bd4 Bh6 24. Be5 Qc6 25. Nd4 Qc1 26. f4 Bxf4 27. Bxf4 Qxf4 28. Nf3 e6 29. Ne5 Bb5 30. Ng4 h5 31. Rf1 Qxf1+ 0-1

[Event "*** Titled Tuesday Blitz"]
[Site "Chess.com"]
[Date "2018.11.06"]
[Round "5"]
[White "MishkaFighter"]
[Black "Assasin14"]
[Result "0-1"]
[WhiteElo "2244"]
[BlackElo "2261"]
[TimeControl "180+2"]
[EndTime "14:06:33 PST"]
[Termination "Assasin14 won on time"]

1. d4 d5 2. c4 c6 3. Nf3 Nf6 4. e3 Bf5 5. Nc3 e6 6. Nh4 Be4 7. f3 Bg6 8. g3 Be7 9. Bd2 O-O 10. Rc1 c5 11. Nxg6 hxg6 12. cxd5 exd5 13. dxc5 Bxc5 14. Bd3 d4 15. Ne4 dxe3 16. Nxc5 exd2+ 17. Qxd2 Re8+ 18. Be4 Qb6 19. O-O Na6 20. Qf2 Nxc5 21. Qxc5 Qxb2 22. Rb1 Qxa2 23. Bxb7 Re2 24. f4 Rae8 25. Bf3 Rc2 26. Qb5 Rxh2 27. Ra1 Qd2 28. Qb3 Rh3 29. Bg2 Qd4+ 30. Rf2 Ng4 0-1

[Event "*** Titled Tuesday Blitz"]
[Site "Chess.com"]
[Date "2018.11.06"]
[Round "5"]
[White "tactics321"]
[Black "PrascaR"]
[Result "1-0"]
[WhiteElo "2390"]
[BlackElo "2528"]
[TimeControl "180+2"]
[EndTime "14:06:36 PST"]
[Termination "tactics321 won by resignation"]

1. e4 e6 2. d4 d5 3. Nc3 Nf6 4.
e5 Nfd7 5. f4 c5 6. Nf3 a6 7. Be3 Qb6 8. a3 Qc7 9. Qd2 Nc6 10. Bd3 b5 11. O-O c4 12. Be2 Nb6 13. Nd1 g6 14. Bf2 Be7 15. Ne3 Bb7 16. c3 O-O-O 17.
Rfb1 h6 18. b3 cxb3 19. Rxb3 Na5 20. Rbb1 Nac4 21. Nxc4 dxc4 22. Qc2 g5 23. f5 g4 24. Nd2 Qc6 25. Bf1 Bg5 26. Re1 Bxd2 27. Qxd2 h5 28. Bh4 Rdg8 29. Qf2 Rh7 30. Rec1 Kb8 31. Rc2 Ka8 32.
Qf4 Nd5 33. Qc1 exf5 34. a4 bxa4 35. Qa3 Nb6 36. Rb1 f4 37. Rcb2 Rh6 38. Bf6 Rxf6 39. exf6 g3 40. Rxb6 gxh2+ 41. Kh1 Qe4 42. Rxb7 f3 43. Qb2 Qf4 44. Ra7+ 1-0

[Event "*** Titled Tuesday Blitz"]
[Site "Chess.com"]
[Date "2018.11.06"]
[Round "5"]
[White "jacky72"]
[Black "OK97"]
[Result "1-0"]
[WhiteElo "2705"]
[BlackElo "2734"]
[TimeControl "180+2"]
[EndTime "14:06:41 PST"]
[Termination "jacky72 won by checkmate"]

1. d4 Nf6 2. c4 e6 3. Nf3 Bb4+ 4.
Bd2 a5 5. Nc3 b6 6. e3 Bb7 7. Bd3 O-O 8. O-O d6 9. a3 Bxc3 10.
Bxc3 Ne4 11. Be1 Nd7 12. Nd2 Nxd2 13. Bxd2 f5 14. b4 axb4 15. axb4 Qe7 16. Qe2 Nf6 17.
f3 g6 18. Bc3 e5 19. d5 b5 20. e4 bxc4 21. Bxc4 fxe4 22. fxe4 Nh5 23. Bd2 Nf4 24. Bxf4 exf4 25. Rxa8 Rxa8 26. Rxf4 Qe5 27. Rf1 Re8 28. Qf3 Qxe4 29. Qf7+ Kh8 30. Qxc7 Bxd5 31. Bxd5 Qxd5 32. Qd7 Qd4+ 33. Kh1 Qe5 34. b5 Re7 35.
Qd8+ Re8 36. Qd7 Re7 37. Qc8+ Re8 38. Qc6 Qe2 39. Rg1 Rb8 40. Rb1 Qd3 41. Qc1 d5 42.
b6 d4 43. b7 Qc3 44. Qf4 Rxb7 45. Qf8# 1-0

[Event "*** Titled Tuesday Blitz"]
[Site "Chess.com"]
[Date "2018.11.06"]
[Round "5"]
[White "VerdeNotte"]
[Black "NateSolon"]
[Result "1-0"]
[WhiteElo "2819"]
[BlackElo "2519"]
[TimeControl "180+2"]
[EndTime "14:06:44 PST"]
[Termination "VerdeNotte won by resignation"]

1. a3 d5 2. Nf3 Nf6 3. g3 Bf5 4. Bg2 e6 5. O-O Be7 6. d3 h6 7. Nbd2 O-O 8. e4 Bh7 9. Qe2 c5 10.
e5 Nfd7 11. c4 Nb6 12. Rd1 Nc6 13. b3 Qc7 14. Bb2 Rfd8 15. Nf1 a5 16. a4 Nb4 17. h4 dxc4 18. dxc4 Rxd1 19. Rxd1 Bc2 20. Rc1 Bxb3 21.
Ne3 Bxa4 22. Ng4 Bc6 23. Qe3 Bf8 24. Nf6+ gxf6 25. exf6 Rd8 26. Be5 Qd7 27. Bf1 Bxf3 28.
Qxf3 Qd2 29. Qg4+ Kh8 30. Rc3 a4 31. Re3 Qd1 32. Rf3 Nc2 33. Qf4 Nd4 34. Re3 Nc2 35. Re4 Nd4 36. Bc7 Rd7 37. Bxb6 Nf3+ 38. Kg2 Nd2 39.
Be2 Qc2 40. Re3 Qb2 41. Qb8 Kg8 42. Bxc5 Qxf6 43. Qxf8+ Kh7 44. Rd3 Rc7 45. Rxd2 1-0

[Event "*** Titled Tuesday Blitz"]
[Site "Chess.com"]
[Date "2018.11.06"]
[Round "5"]
[White "danyuffa"]
[Black "dretch"]
[Result "1-0"]
[WhiteElo "2654"]
[BlackElo "2782"]
[TimeControl "180+2"]
[EndTime "14:06:45 PST"]
[Termination "danyuffa won by resignation"]

1. d4 d5 2. c4 c6 3. Nc3 dxc4 4. e4 b5 5. a4 b4 6. Nb1 Ba6 7. Qc2 Qxd4 8. Nf3 Qd6 9. Nbd2 c3 10. bxc3 Qc5 11.
c4 e5 12. Nb3 Qe7 13. Be3 Nd7 14.
Be2 Ngf6 15. O-O c5 16. Rfd1 Bb7 17. Rd5 Bxd5 18. cxd5 Qd8 19. Bb5 Bd6 20. Bc6 O-O 21. Bxa8 Qxa8 22. Nfd2 c4 23. Qxc4 Rc8 24. Qa6 Bf8 25.
Qxa7 Qxa7 26. Bxa7 Ne8 27. a5 Ra8 28. Be3 Nc7 29. Nc4 Ra6 30. Nb6 Nf6 31. Rc1 Nb5 32. Rc8 Nd6 33. Rb8 Ndxe4 34. f3 Nd6 35. Bc5 Nde8 36. Bxf8 Kxf8 37. d6 Ra7 38. Nc5 b3 39. d7 b2 40. dxe8=Q+ Nxe8 41. Ncd7+ Ke7 42. Nc8+ Kxd7 43. Nxa7 1-0

[Event "*** Titled Tuesday Blitz"]
[Site "Chess.com"]
[Date "2018.11.06"]
[Round "5"]
[White "aRk_iN"]
[Black "Bad4life"]
[Result "0-1"]
[WhiteElo "2172"]
[BlackElo "2296"]
[TimeControl "180+2"]
[EndTime "14:06:46 PST"]
[Termination "Bad4life won on time"]

1. e4 d6 2. d4 Nf6 3. Nc3 g6 4. Be3 a6 5. Qd2 b5 6. a3 Bb7 7. f3 Nbd7 8. Nge2 h5 9. Nf4 c5 10. dxc5 Nxc5 11. Nfd5 Bg7 12. Bd4 e5 13. Be3 O-O 14.
Be2 Rc8 15. O-O h4 16. Rfd1 h3 17. g3 Ne8 18. Bf1 f5 19. Bxh3 fxe4 20. fxe4 Kh7 21. Rf1 Rxf1+ 22. Rxf1 Nc7 23. Bg5 Qh8 24. Nxc7 Rxc7 25.
Qxd6 Qb8 26. Rf7 Qa7 27. Be3 Rxf7 28. Bxc5 Qa8 29. Be6 Rf6 30. Qe7 Bxe4 31. Bd6 Bh1 32. Bh3 Qf3 0-1

[Event "*** Titled Tuesday Blitz"]
[Site "Chess.com"]
[Date "2018.11.06"]
[Round "5"]
[White "andrzej"]
[Black "PawnEatingZombie"]
[Result "1-0"]
[WhiteElo "2240"]
[BlackElo "2111"]
[TimeControl "180+2"]
[EndTime "14:06:48 PST"]
[Termination "andrzej won by resignation"]

1. d4 d5 2. c4 e6 3. Nf3 Nf6 4. g3 Bb4+ 5. Nbd2 dxc4 6. Qc2 b5 7. Bg2 Bb7 8. O-O O-O 9. Rd1 Nbd7 10. e3 Qc8 11. a3 Be7 12. e4 c5 13. e5 Nd5 14.
Ne4 h6 15. g4 Qc7 16. g5 h5 17. Qe2 g6 18. dxc5 Nxc5 19. Nf6+ Kg7 20. Nd4 Rh8 21. Nxb5 Qc6 22. Nxd5 exd5 23. Nd4 Qd7 24. e6 Nxe6 25.
Qe5+ Kh7 26. Re1 Nxd4 27. Qxe7 Qxe7 28. Rxe7 Bc6 29. Be3 Nf5 30. Rxf7+ Kg8 31. Rf6 Be8 32. Bxd5+ Kg7 33. Bxa8 1-0

[Event "*** Titled Tuesday Blitz"]
[Site "Chess.com"]
[Date "2018.11.06"]
[Round "5"]
[White "Firouzja2003"]
[Black "vugarrasulov"]
[Result "0-1"]
[WhiteElo "2939"]
[BlackElo "2795"]
[TimeControl "180+2"]
[EndTime "14:06:49 PST"]
[Termination "vugarrasulov won on time"]

1. e4 c5 2. Nf3 d6 3. d4 cxd4 4. Nxd4 Nf6 5. Nc3 Nc6 6. Bg5 e6 7. Qd2 a6 8. O-O-O Bd7 9. f4 b5 10. Bxf6 gxf6 11. Kb1 h5 12. Nxc6 Bxc6 13. Qe1 Be7 14.
f5 b4 15. Ne2 e5 16. Nc1 a5 17. Bc4 Rc8 18. Qe2 Qb6 19. b3 a4 20. Rd3 a3 21. Rhd1 h4 22. Qg4 Bb5 23. Bxb5+ Qxb5 24. Rd5 Qc6 25. c4 bxc3 26. Kc2 Qb6 27. Qf3 Rc5 28. Ne2 Rxd5 29. Rxd5 Rg8 30. Rd3 Kd7 31. Rxc3 Qb4 32. Rc4 Qe1 33. Nc3 Qg1 34. b4 Qxg2+ 35. Qxg2 Rxg2+ 36. Kb3 Rxh2 37. Nd5 Bd8 38. Kxa3 Re2 39. Ka4 Rxa2+ 40.
Kb5 Re2 41. Ka6 h3 42. b5 h2 43. Rc1 Rxe4 44. b6 Rc4 45. Rh1 Kc6 0-1

[Event "*** Titled Tuesday Blitz"]
[Site "Chess.com"]
[Date "2018.11.06"]
[Round "5"]
[White "OparinGrigoriy"]
[Black "KenanGarayev"]
[Result "1-0"]
[WhiteElo "2928"]
[BlackElo "2751"]
[TimeControl "180+2"]
[EndTime "14:06:53 PST"]
[Termination "OparinGrigoriy won by resignation"]

1. c4 Nf6 2. Nf3 e6 3. g3 d5 4. d4 Be7 5. Bg2 O-O 6. Nc3 dxc4 7. Ne5 Nc6 8. Bxc6 bxc6 9. Nxc6 Qe8 10. Nxe7+ Qxe7 11. Qa4 c5 12. dxc5 Qxc5 13. Be3 Qh5 14. Qxc4 Bb7 15.
f3 Bxf3 16. Rf1 Bd5 17. Qh4 Qxh4 18. gxh4 Bb7 19. Bd4 Ne4 20. Nxe4 Bxe4 21. Rc1 Rac8 22. Kf2 a6 23. Rg1 g6 24. Bf6 h5 25. Ke3 Bd5 26.
a3 Rb8 27. b4 Rfc8 28. Kf4 Rc4+ 29. Rxc4 Bxc4 30. e4 Bb5 31. Rc1 Ba4 32. Rc7 Bb5 33. e5 Ba4 34. Ke3 Bb5 35. Kd4 Ba4 36. Kc5 Bb5 37. Kd4 Ba4 38. Kc3 Ra8 39. Kc4 Bb5+ 40. Kc5 Rb8 41. Ra7 Rc8+ 42. Kb6 Rb8+ 43. Kc7 Re8 44.
a4 Bc4 45. Rb7 g5 46. Bxg5 Kh7 47. b5 axb5 48. axb5 Kg6 49. b6 Ra8 50. Ra7 1-0

[Event "*** Titled Tuesday Blitz"]
[Site "Chess.com"]
[Date "2018.11.06"]
[Round "5"]
[White "TastyFrenchFries"]
[Black "1random"]
[Result "0-1"]
[WhiteElo "2386"]
[BlackElo "2493"]
[TimeControl "180+2"]
[EndTime "14:06:55 PST"]
[Termination "1random won by resignation"]

1. Na3 d5 2. Nh3 Bxh3 3. gxh3 e5 4. c4 d4 5. Bg2 c6 6. Qb3 Qb6 7. d3 Bb4+ 8. Kd1 Na6 9. Nc2 Be7 10. Qxb6 axb6 11. f4 Bd6 12. Re1 Ne7 13. e3 dxe3 14. Bxe3 exf4 15. Bxb6 O-O 16. a3 Ng6 17. Bf2 Nc5 18. Bf1 Nb3 19. Rb1 Rad8 20. Na1 Bc5 21. Bxc5 Nxc5 22. Kc2 Ne6 23. b4 Nd4+ 24. Kc3 f6 25.
Nb3 Nxb3 26. Rxb3 Kf7 27. d4 Rfe8 28. Rbb1 Nh4 29. b5 Rxe1 30. Rxe1 cxb5 31. cxb5 Nf5 32. Bc4+ Kf8 33. d5 Ne3 34. Kd4 Nc2+ 35. Kc5 Nxe1 36. Kb6 Nc2 37. Kc7 Ke7 38. b6 Ne3 39. Bb3 Nxd5+ 40.
Bxd5 Rxd5 41. Kxb7 f3 42. Kc7 f2 43. b7 Rc5+ 44. Kb6 Rc1 45. b8=Q Rb1+ 46. Kc7 Rxb8 47.
Kxb8 f1=Q 0-1